 Dungeon Sprint DCSS version 0.18.1-50-g88ac8fd (webtiles) character file.

242 varam the Quickloader (level 5, -5/46 HPs)
             Began as a Minotaur Hunter on Oct 10, 2016.
             Was a Believer of Okawaru.
             Slain by an enchanted war axe (11 damage)
             ... in the Dungeon (Sprint V: "Ziggurat Sprint").
             The game lasted 00:02:32 (343 turns).

varam the Quickloader (Minotaur Hunter)              Turns: 343, Time: 00:02:32

Health: -5/46      AC: 18    Str: 23    XL:     5   Next: 82%
Magic:  4/4        EV:  5    Int:  8    God:    Okawaru [**....]
Gold:   0          SH:  0    Dex: 17    Spells: 0 memorised, 4 levels left

rFire  + . .     SeeInvis +     L - +9 heavy crossbow "Sniper" {velocity, nevermiss, SInv}
rCold  + . .     Gourm    .     P - +5 gold dragon armour
rNeg   . . .     Faith    .     (shield currently unavailable)
rPois  +         Spirit   .     (helmet restricted)
rElec  .         Dismiss  .     (no cloak)
rCorr  .         Reflect  .     (no gloves)
SustAt .         Harm     .     (no boots)
MR     .....     NoTele   +     (no amulet)
Stlth  ..........               J - +6 ring of strength
                                F - +6 ring of dexterity

@: slowed, very slow, not resistant to hostile enchantments, extremely
unstealthy
A: retaliatory headbutt, horns 2
a: Heroism, Renounce Religion


You were in the Dungeon.
You worshipped Okawaru.
Okawaru was pleased with you.
You were not hungry.

You visited 1 branch

Inventory:

Hand Weapons
 a - a +1 hand crossbow
 b - a +0 short sword
 y - a +5 triple crossbow
 L - the +9 heavy crossbow "Sniper" (weapon) {velocity, nevermiss, SInv}
   (You found it in the Dungeon)

   Any bolt fired from it inflicts extra damage.
   It lets you see invisible.
 O - the +14 plutonium sword {*Contam Stlth-}
   (You found it in the Dungeon)

   It causes magical contamination when unequipped.
   It makes you less stealthy.
Missiles
 d - 1018 bolts (quivered)
 T - 2 arrows
Armour
 c - a +0 leather armour
 M - the +15 Maxwell's patent armour {-Cast -Tele rElec MR+ rCorr}
   (You found it in the Dungeon)

   It insulates you from electricity.
   It affects your resistance to hostile enchantments.
   It prevents spellcasting.
   It prevents most forms of teleportation.
   It protects you from acid and corrosion.
 N - the +18 shield of the gong {rElec rN+ MR+ EV-5}
   (You found it in the Dungeon)

   It affects your evasion (-5).
   It insulates you from electricity.
   It protects you from negative energy.
   It affects your resistance to hostile enchantments.
 P - a +5 gold dragon armour (worn)
 R - a steam dragon hide
Jewellery
 F - a +6 ring of dexterity (left hand)
 G - a +6 ring of dexterity
 H - a +6 ring of intelligence
 I - a +6 ring of intelligence
 J - a +6 ring of strength (right hand)
 K - a +6 ring of strength
Wands
 B - a wand of disintegration (7/24)
 C - a wand of iceblast (5/15)
 D - a wand of lightning (5/15)
 E - a wand of acid (5/15)
Scrolls
 k - 4 scrolls of blinking
 r - 4 scrolls of amnesia
 s - 3 scrolls of recharging
 t - 7 scrolls of fog
 u - a scroll of holy word
 v - 5 scrolls of identify
 w - 5 scrolls of remove curse
 x - 2 scrolls of fear
Potions
 e - 10 potions of curing
 g - 10 potions of heal wounds
 h - 6 potions of haste
 i - 7 potions of magic
 j - 3 potions of berserk rage
 l - 2 potions of brilliance
 m - 2 potions of invisibility
 n - 4 potions of resistance
 o - a potion of experience
 p - 5 potions of agility
 q - 5 potions of might
Miscellaneous
 S - a stone of tremors (inert)
Comestibles
 f - 5 bread rations
 z - 42 fruits
 A - 4 meat rations
 Q - 7 chunks of flesh


   Skills:
 + Level 4.1 Fighting
 * Level 12.4 Crossbows
 - Level 2.1 Armour
 + Level 4.3 Dodging
 - Level 0.7 Stealth


You had 4 spell levels left.
You didn't know any spells.

Dungeon Overview and Level Annotations

Branches:
Dungeon (1/1)

Altars:
Ashenzari
Cheibriados
Dithmenos
Elyvilon
Fedhas
Gozag
Kikubaaqudgha
Makhleb
Nemelex Xobeh
Okawaru
Pakellas
Qazlal
Ru
Sif Muna
Trog
Vehumet
Xom
Yredelemnul
Zin
The Shining One
Beogh
Jiyva
Lugonu


Innate Abilities, Weirdness & Mutations

You reflexively headbutt those who attack you in melee.
You have a pair of horns on your head.


Message History

The enchanted war axe hits you but does no damage.
Evoke which item? (* to show all) (? for menu, Esc to quit)
The dungeon trembles and rubble falls from the walls!
The falling rubble hits the ice beast.
The ice beast is moderately wounded.
The rubble rises up and takes form.
The enchanted war axe hits you but does no damage.
The deep elf archer shoots an arrow.
The arrow hits you!
The deep elf mage mumbles some strange words.
The enchanted war axe hits you!
* * * LOW HITPOINT WARNING * * *
The deep elf archer points at you and mumbles some strange words.
You struggle to resist.
The deep elf mage casts a spell.
You are too injured to fight recklessly!
Unknown command.
You are too injured to fight recklessly!
T - 2 arrows The enchanted war axe hits you!
You die...

▓▓▓▓▓▓▓▓▓▓▓▓▓▓▓▓▓▓▓
▓.8©8.▓.8©8.▓.8©8.▓
▓.[[}.▓.}.).▓.....▓
▓(.=EY▓.....▓.[.).▓
▓..e..▓.....▓.....▓
▓.Y.e.▓.....▓.....▓
▓.e(..▓.....▓.....▓
▓..@..▓.....▓▓▓▓▓▓▓
▓▓▓▓▓▓▓▓▓▓▓▓▓


You could see a deep elf archer, an earth elemental, 2 deep elf magi, 2 ice
beasts and an enchanted war axe.

Vanquished Creatures
  A steam dragon (D)
  A swamp drake (D)
  A white imp (D)
  2 adder skeletons (D)
5 creatures vanquished.

Notes
Turn   | Place    | Note
--------------------------------------------------------------
     0 | D        | varam the Minotaur Hunter began the quest for the Orb.
     0 | D        | Reached XP level 1. HP: 18/18 MP: 0/0
     0 | D        | Found a roughly hewn altar of Beogh.
     0 | D        | Found a viscous altar of Jiyva.
     0 | D        | Found a corrupted altar of Lugonu.
     0 | D        | Found a white marble altar of Elyvilon.
     0 | D        | Found a sparkling altar of Nemelex Xobeh.
     0 | D        | Found a burning altar of Makhleb.
     0 | D        | Found an iron altar of Okawaru.
     0 | D        | Found a deep blue altar of Sif Muna.
     0 | D        | Found a radiant altar of Vehumet.
     0 | D        | Found a bloodstained altar of Trog.
     0 | D        | Found a shimmering altar of Xom.
    11 | D        | Became a worshipper of Warmaster Okawaru
   244 | D        | Entered arena 1.
   244 | D        | Noticed a steam dragon
   244 | D        | Noticed a swamp drake
   246 | D        | Killed a swamp drake
   246 | D        | Reached * piety under Okawaru
   246 | D        | Reached skill level 10 in Crossbows
   246 | D        | Reached skill level 1 in Armour
   246 | D        | Reached XP level 2. HP: 26/26 MP: 1/1
   246 | D        | Reached XP level 3. HP: 31/31 MP: 2/2
   246 | D        | Reached XP level 4. HP: 38/38 MP: 3/3
   247 | D        | Killed a steam dragon
   247 | D        | Reached ** piety under Okawaru
   247 | D        | Reached skill level 12 in Crossbows
   247 | D        | Reached XP level 5. HP: 46/46 MP: 4/4
   262 | D        | Entered arena 2.
   339 | D        | Entered arena 3.
   339 | D        | Noticed a deep elf mage
   339 | D        | Noticed a deep elf mage
   339 | D        | Noticed an enchanted war axe
   339 | D        | Noticed a deep elf archer
   342 | D        | Noticed an ice beast
   343 | D        | Noticed an ice beast
   343 | D        | Slain by an enchanted war axe

Skill      XL: |  1  2  3  4  5 |
---------------+----------------+-----
Fighting       | 3 4 |  4.1
Crossbows      | 10 12 | 12.4
Armour         | 1 2 |  2.1
Dodging        | 3 4 |  4.3
Stealth        | |  0.7

Action                   |  1- 3 |  4- 6 || total
-------------------------+-------+-------++-------
 Fire: Heavy crossbow    |     2 |     6 ||     8
Evoke: Stone of tremors  |       |     1 ||     1
Armor: Gold dragon armou |     2 |     5 ||     7
Dodge: Dodged            |     1 |     3 ||     4
